 Dungeon Crawl Stone Soup version 0.17.1-3-g152610e (webtiles) character file.

44 Jerry the Grasshopper (level 3, 0/33 HPs)
             Began as a Naga Warper on Mar 3, 2016.
             Slain by a giant cockroach (1 damage)
             ... on level 2 of the Dungeon.
             The game lasted 00:09:18 (2368 turns).

Jerry the Grasshopper (Naga Warper)                 Turns: 2368, Time: 00:09:20

Health: 0/33       AC:  2    Str: 13    XL:     3   Next: 62%
Magic:  2/6        EV:  9    Int: 13    God:
Gold:   80         SH:  0    Dex: 11    Spells: 2 memorised, 3 levels left

rFire  . . .     SeeInvis +     a - +0 mace
rCold  . . .     Clarity  .     b - +0 leather armour
rNeg   . . .     SustAt   .     (no shield)
rPois  +         Gourm    .     (no helmet)
rElec  .         Spirit   .     (no cloak)
rCorr  .         Warding  .     (no gloves)
rMut   .         Stasis   .     (no barding)
MR     .....                    (no amulet)
Stlth  +.........               (no ring)
                                (no ring)

@: shrouded, very slow, not resistant to hostile enchantments, very unstealthy
A: see invisible, deformed body, poison resistance, slowness 2, slow metabolism
1, spit poison 2, AC +1
a: Spit Poison


You were on level 2 of the Dungeon.
You were hungry.

You visited 1 branch of the dungeon, and saw 2 of its levels.

You collected 80 gold pieces.

Inventory:

Hand Weapons
 a - a +0 mace (weapon)
 i - a +0 mace
Missiles
 e - 4 tomahawks of dispersal (quivered)
Armour
 b - a +0 leather armour (worn)
Scrolls
 d - a scroll of blinking
 j - 2 scrolls of amnesia {unknown}
 k - a scroll of enchant armour {unknown}
 m - a scroll of identify {unknown}
 n - a scroll of remove curse {unknown}
Potions
 g - a potion of mutation {unknown}
 h - a potion of lignification {unknown}
 l - a potion of degeneration {unknown}
Books
 c - a book of Spatial Translocations

   Spells                             Type                      Level
   a - Apportation                    Translocation                1
   b - Blink                          Translocation                2
   c - Shroud of Golubria             Charms/Translocation         2
   d - Portal Projectile              Translocation                3
   e - Teleport Other                 Translocation                3
   f - Passage of Golubria            Translocation                4
Comestibles
 f - a bread ration


   Skills:
 + Level 2.6 Fighting
 + Level 2.3 Maces & Flails
 - Level 0.8 Throwing
 - Level 1.0 Armour
 - Level 2.0 Dodging
 - Level 2.0 Spellcasting
 + Level 1.3 Charms
 - Level 3.0 Translocations


You had 3 spell levels left.
You knew the following spells:

 Your Spells              Type           Power        Failure   Level  Hunger
a - Apportation           Tloc           #.........   12%         1    ##.....
b - Shroud of Golubria    Chrm/Tloc      #.........   21%         2    ###....


Dungeon Overview and Level Annotations

Branches:
Dungeon (2/15)

Altars:
Okawaru


Innate Abilities, Weirdness & Mutations

You cannot wear boots.
Your serpentine skin is tough (AC +1).
You have supernaturally acute eyesight.
Armour fits poorly on your strangely shaped body.
Your system is resistant to poisons.
You cover ground very slowly.
You have a slow metabolism.
You can spit poison.


Message History

The giant cockroach is lightly wounded.
The adder bites you.
* * * LOW HITPOINT WARNING * * *
The giant cockroach barely misses you. The kobold barely misses you.
The adder barely misses you.
You hit the giant cockroach.
The giant cockroach is moderately wounded.
The giant cockroach closely misses you. The adder barely misses you.
The kobold hits you.
* * * LOW HITPOINT WARNING * * *
The giant cockroach bites you.
* * * LOW HITPOINT WARNING * * *
The adder barely misses you.
Casting: Shroud of Golubria
Confirm with . or Enter, or press ? or * to list all spells.
Space distorts slightly along a thin shroud covering your body.
The kobold hits you.
* * * LOW HITPOINT WARNING * * *
The giant cockroach bites you.
You die...

#.....#
#.....#
#.....#
###..†..#
#....####
#..†.#
#....#
######....#
#.....S@..#
#.....sK..#
#......####
#[.....#
#.......+
#.......#
#.......#
#.......#
#.s.....#


You could see an adder, a giant cockroach and a kobold.

Vanquished Creatures
  2 worms (D:2)
  A giant gecko (D:2)
  11 bats
  3 giant cockroaches (D:1)
  5 goblins
  2 hobgoblins
  A giant newt (D:1)
  5 kobolds
  3 rats (D:1)
33 creatures vanquished.

Notes
Turn   | Place    | Note
--------------------------------------------------------------
     0 | D:1      | Jerry the Naga Warper began the quest for the Orb.
     0 | D:1      | Reached XP level 1. HP: 19/19 MP: 3/3
    48 | D:1      | Found an iron altar of Okawaru.
   573 | D:1      | Reached skill level 1 in Armour
   573 | D:1      | Reached XP level 2. HP: 1/26 MP: 5/5
  1049 | D:1      | Learned a level 2 spell: Shroud of Golubria
  1232 | D:1      | Reached skill level 1 in Charms
  1395 | D:1      | Reached XP level 3. HP: 33/33 MP: 6/6
  2367 | D:2      | HP: 1/33 [giant cockroach (1)]
  2368 | D:2      | Slain by a giant cockroach

Action                   || total
-------------------------++-------
Melee: Mace              ||   166
Throw: Tomahawk          ||     1
 Cast: Shroud of Golubri ||     5
 Abil: Spit Poison       ||     3
  Eat: Chunk             ||     3
